Map: Dusk Towers

Players

PerseVerAnce

  • Race: Terran Terran
  • League: Diamond

IreScath - Winner!

  • Race: Protoss Protoss
  • League: Platinum

VOD

Have the link to the VOD?

Description

How to throw a game.

Time

  • Played on: Jan. 13, 2016, 12:31 a.m.
  • Length: 25:16
Show
View Real Time Build Order
Export as new Build Order

PerseVerAnce Terran 

Build Orders: Reaper Expand, MMM Bio 

Get SALT Encoding   

  12  0:00  SCV  
  13  0:13  SCV  
  14  0:17  Supply Depot  
  14  0:25  SCV  
  15  0:39  SCV  
  15  0:41  Barracks  
  16  0:46  Refinery  
  16  0:51  SCV  
  17  1:03  SCV  
  18  1:15  SCV  
  19  1:30  Reaper  
  19  1:32  Orbital Command  
  20  1:43  Command Center  
  20  1:55  Supply Depot  
  20  1:57  SCV, Refinery  
  21  2:08  Barracks Reactor  
  21  2:09  SCV  
  22  2:21  SCV  
  23  2:24  Factory  
  23  2:34  SCV, Barracks  
  24  2:45  Marine x2  
  24  2:46  SCV  
  27  2:56  Orbital Command  
  27  3:01  SCV  
  27  3:04  Marine x2  
  30  3:09  Starport  
  30  3:11  Factory Reactor  
  30  3:13  SCV  
  31  3:22  SCV  
  31  3:25  Marine x2  
  31  3:26  Barracks Tech Lab  
  34  3:35  SCV x2  
  34  3:40  Supply Depot  
  36  3:45  Marine x2  
  36  3:47  SCV x2, Marauder  
  42  3:57  Medivac x2  
  42  4:01  Widow Mine  
  48  4:04  Supply Depot  
  48  4:07  SCV  
  49  4:14  Refinery, Stimpack  
  49  4:15  Engineering Bay  
  49  4:19  SCV, Engineering Bay  
  49  4:20  SCV  
  49  4:22  Marine  
  49  4:23  Marine  
  53  4:27  Marauder  
  53  4:29  Widow Mine  
  57  4:31  SCV  
  58  4:41  SCV, Barracks  
  58  4:45  Supply Depot  
  61  4:54  Marine x2  
  61  4:57  Liberator  
  61  4:58  Factory Tech Lab  
  61  5:01  Terran Infantry Weapons Level 1, Terran Infantry Armor Level 1  
  61  5:07  Marauder  
  63  5:08  Supply Depot  
  65  5:18  Marine x2  
  68  5:22  SCV x2  
  68  5:26  Refinery  
  70  5:29  Marauder, Medivac  
  70  5:32  Supply Depot  
  72  5:50  Marine  
  72  5:51  Marine  
  72  5:54  Barracks Tech Lab  
  72  5:56  Marauder  
  72  5:58  Siege Tank  
  72  6:03  SCV  
  72  6:04  SCV  
  77  6:10  Marine x2  
  79  6:16  Command Center  
  79  6:17  Marine  
  80  6:20  Supply Depot  
  80  6:21  Combat Shields  
  80  6:23  Marauder  
  82  6:35  SCV x2  
  82  6:36  Marine x2  
  86  6:41  Marauder, Medivac x2  
  86  6:43  Supply Depot  
  86  6:44  Siege Tank  
  95  6:56  Liberator  
  95  6:57  Liberator  
  95  6:58  Marine x2  
  96  7:04  Marine x2  
  97  7:16  Marine x2  
  97  7:22  Marauder, Marine  
  100  7:34  Marine x2  
  100  7:36  SCV x2  
  103  7:37  Orbital Command  
  87  7:54  Marine x3  
  87  7:55  Marauder  
  87  7:56  Medivac  
  87  7:57  Medivac  
  89  8:05  SCV x2  
  91  8:09  Barracks  
  91  8:12  Barracks, Marine  
  92  8:13  Marauder  
  92  8:17  SCV x2  
  96  8:21  Ghost Academy  
  96  8:23  Supply Depot  
  96  8:24  Siege Tank  
  99  8:29  SCV  
  99  8:30  Marine x2  
  104  8:36  Armory  
  104  8:39  SCV  
  104  8:41  SCV  
  106  8:43  Marine  
  106  8:45  Marauder  
  107  8:48  Marine  
  107  8:49  Marine  
  107  8:51  Medivac x2  
  107  8:53  SCV  
  107  8:54  SCV x2  
  116  8:59  Siege Tank  
  116  9:01  Marauder  
  121  9:04  Liberator  
  121  9:05  Barracks Reactor, Barracks Tech Lab  
  121  9:06  Marauder  
  121  9:08  Marine x2  
  125  9:13  Refinery, Barracks  
  125  9:14  SCV  
  125  9:15  SCV x2, Refinery  
  128  9:19  Liberator  
  128  9:22  Terran Infantry Weapons Level 2, Marine  
  132  9:26  SCV  
  133  9:34  Supply Depot  
  133  9:36  Marine x2  
  133  9:37  SCV, Marauder  
  141  9:47  Concussive Shells  
  141  9:56  Marauder, Marine x3  
  141  9:57  Ghost  
  141  9:58  Supply Depot  
  148  10:01  Terran Vehicle Weapons Level 1  
  148  10:08  SCV x2  
  148  10:09  SCV  
  148  10:13  Ghost, Terran Infantry Armor Level 2  
  153  10:14  Marine x3  
  153  10:15  Marine  
  153  10:17  Ghost  
  159  10:29  SCV x3  
  159  10:30  Marine  
  163  10:36  Barracks Tech Lab  
  163  10:38  Marine x4  
  167  10:50  Ghost x3  
  173  10:59  Medivac x2, Marine x3  
  173  11:03  Siege Tank  
  180  11:07  Ghost  
  159  11:12  Liberator  
  121  11:18  Marine  
  121  11:19  Marine x4  
  120  11:35  Siege Tank  
  123  11:43  Marine x3  
  123  11:44  Marauder x2, Marine  
  123  11:45  Marauder x2  
  136  11:51  Terran Infantry Weapons Level 3  
  135  11:55  Liberator  
  135  12:02  Marine x3  
  135  12:03  Command Center, Marine  
  135  12:05  Ghost x3  
  145  12:14  Liberator  
  148  12:21  Marine x3  
  148  12:22  Marine  
  152  12:29  Barracks  
  152  12:30  Siege Tank  
  152  12:34  Terran Ship Weapons Level 1  
  158  12:43  Personal Cloaking  
  158  12:46  Liberator  
  158  12:51  Marine x4  
  157  12:53  Marauder x4  
  172  13:09  Reaper  
  172  13:10  Marine x3  
  175  13:23  Marine  
  175  13:24  Marine x3  
  179  13:34  Marine x3  
  180  13:35  Barracks Reactor  
  182  14:07  Marine x2  
  182  14:08  Marine x2  
  182  14:09  Marauder x4  
  194  14:10  Medivac  
  196  14:43  Medivac  
  195  14:49  Siege Tank  
  151  15:00  Marine  
  151  15:01  Marine x5  
  151  15:02  Marauder x3  
  151  15:03  SCV, Marauder  
  151  15:04  SCV x2  
  150  15:33  Marine x2  
  150  15:34  Marine x4  
  150  15:35  Marauder x3  
  159  15:36  Medivac x2, Marauder  
  159  15:42  Siege Tank  
  160  15:51  Marine x2  
  160  15:56  Marine x3  
  160  15:57  Marauder, Marine  
  159  15:58  Marauder  
  159  15:59  Marine x2  
  160  16:09  Marine x2  
  147  16:14  Marine x2  
  147  16:15  Marine x2  
  147  16:17  Medivac x2  
  136  16:44  Command Center  
  130  16:54  Marine x4  
  130  16:55  Marine  
  130  16:56  Marauder  
  137  17:13  Marine x4  
  137  17:14  Marine  
  135  17:36  Marine x5  
  135  17:37  Marine  
  118  18:11  Planetary Fortress  
  118  18:12  Marine x4  
  119  18:38  Marine x5  
  119  18:39  Marine x2  
  119  18:40  Marauder  
  81  18:44  Medivac x2  
  81  18:48  Refinery  
  85  18:55  Planetary Fortress  
  85  19:03  Marine x2  
  85  19:04  Marine x4  
  85  19:05  Marauder  
  85  19:08  Marauder  
  85  19:09  Marauder  
  99  19:10  Marauder  
  99  19:13  Siege Tank  
  82  19:32  Marine x5  
  82  19:33  Marine  
  82  19:34  Marauder x3  
  82  19:35  Marauder  
  96  19:40  Command Center  
  96  19:44  Refinery  
  92  19:46  Refinery  
  79  19:53  Marine x3  
  79  19:54  Marine x2  
  79  19:55  Marine  
  75  20:00  Siege Tank, Liberator x2  
  75  20:01  Marine  
  75  20:06  Marine  
  76  20:14  Marine x2  
  75  20:15  Marine  
  52  20:43  Marine x3  
  52  20:44  Marauder  
  56  21:01  Marauder, Marine x2  
  57  21:11  Marine  
  56  21:18  Marine  
  56  21:20  Marine  
  56  21:22  Marine  
  59  21:30  Liberator x2  
  59  21:37  Orbital Command  
  59  21:40  Marine x2  
  59  21:42  Marauder x2  
  59  21:43  Barracks Tech Lab  
  59  21:46  Siege Tank  
  74  21:56  Barracks  
  74  21:57  Barracks  
  74  22:01  Barracks  
  74  22:05  SCV  
  74  22:06  Barracks  
  75  22:10  Orbital Command  
  73  22:17  SCV  
  49  22:33  Marine x2  
  49  22:34  Marine x3  
  39  22:42  Marine  
  24  22:51  Marine  
  24  22:57  Barracks Reactor x2  
  25  22:58  Barracks Tech Lab  
  25  22:59  Barracks Reactor x2  
  24  23:21  Marine x3  
  24  23:43  Marine x6  
  24  23:44  Marine x5  
  33  23:53  Marine x2  
  27  24:00  SCV  
  27  24:01  SCV  
  29  24:03  Orbital Command  
  29  24:21  Marine x3  
  32  24:34  SCV x2  
  34  24:38  Marine  
  35  24:48  Orbital Command  
  37  24:57  SCV x2  
Show
View Real Time Build Order
Export as new Build Order

IreScath Protoss - Winner!

Build Orders: 1 Gate Expand 

Get SALT Encoding   

  12  0:01  Probe (Chrono Boost)  
  13  0:12  Probe (Chrono Boost)  
  14  0:20  Pylon  
  14  0:23  Probe (Chrono Boost)  
  15  0:38  Probe (Chrono Boost)  
  15  0:40  Gateway  
  16  0:48  Assimilator  
  16  0:49  Probe (Chrono Boost)  
  17  1:00  Probe (Chrono Boost)  
  18  1:10  Probe (Chrono Boost)  
  19  1:25  Nexus  
  19  1:29  Probe (Chrono Boost)  
  20  1:40  Cybernetics Core  
  20  1:45  Probe (Chrono Boost)  
  21  1:52  Assimilator  
  21  1:55  Probe (Chrono Boost)  
  21  2:00  Pylon  
  21  2:16  Adept  
  21  2:18  Mothership Core (Chrono Boost)  
  21  2:20  Warp Gate  
  25  2:36  Probe (Chrono Boost)  
  26  2:59  Probe (Chrono Boost)  
  26  3:03  Robotics Facility  
  26  3:05  Probe (Chrono Boost)  
  28  3:07  Pylon  
  28  3:11  Probe (Chrono Boost)  
  28  3:12  Adept  
  31  3:21  Probe (Chrono Boost)  
  31  3:22  Probe (Chrono Boost)  
  33  3:29  Gateway  
  33  3:31  Gateway  
  33  3:32  Probe (Chrono Boost)  
  33  3:33  Probe (Chrono Boost)  
  35  3:39  Adept  
  37  3:42  Probe (Chrono Boost)  
  37  3:44  Probe (Chrono Boost)  
  39  4:00  Observer (Chrono Boost)  
  39  4:02  Probe  
  40  4:03  Probe  
  40  4:06  Pylon  
  40  4:08  Assimilator  
  42  4:14  Forge  
  42  4:19  Immortal (Chrono Boost)  
  46  4:26  Probe  
  46  4:28  Probe, Pylon  
  48  4:37  Probe, Pylon  
  48  4:39  Stalker  
  48  4:40  Stalker, Probe  
  54  4:48  Photon Cannon  
  54  4:56  Photon Cannon  
  54  5:01  Assimilator  
  54  5:03  Sentry, Observer (Chrono Boost)  
  54  5:04  Sentry  
  54  5:06  Probe  
  59  5:08  Probe  
  59  5:12  Pylon  
  61  5:15  Protoss Ground Weapons Level 1  
  61  5:18  Probe  
  61  5:19  Twilight Council  
  62  5:29  Probe  
  62  5:33  Immortal (Chrono Boost)  
  66  6:02  Stalker x3  
  72  6:16  Nexus  
  72  6:18  Pylon  
  72  6:20  Photon Cannon  
  72  6:22  Pylon  
  72  6:26  Probe  
  72  6:28  Probe  
  74  6:36  Templar Archives  
  74  6:38  Pylon  
  74  6:44  Photon Cannon  
  74  6:45  Probe  
  74  6:47  Probe  
  76  7:02  Pylon  
  76  7:04  Pylon  
  76  7:09  Assimilator  
  76  7:11  Stalker  
  76  7:12  Stalker x2  
  82  7:21  Probe  
  82  7:23  Probe  
  82  7:27  Pylon  
  84  7:30  Pylon  
  84  7:36  Stalker x3  
  72  7:59  Stalker x2  
  72  8:00  Stalker  
  72  8:01  Probe x2  
  72  8:02  Probe  
  72  8:04  Blink  
  81  8:11  Probe x2, Photon Cannon  
  81  8:12  Psionic Storm  
  81  8:13  Photon Cannon  
  81  8:15  Pylon  
  83  8:24  Protoss Ground Weapons Level 2 (Chrono Boost)  
  83  8:27  High Templar x3  
  83  8:29  Probe x2  
  83  8:34  Probe  
  91  8:40  Assimilator  
  92  8:41  Probe  
  93  8:50  Probe  
  93  8:51  Probe  
  95  8:56  Gateway x2  
  95  9:00  Gateway  
  95  9:01  Probe  
  96  9:02  Gateway  
  96  9:05  High Templar x2  
  96  9:06  High Templar  
  96  9:09  Pylon  
  102  9:20  Forge  
  102  9:21  Pylon  
  102  9:23  Gateway  
  102  9:28  Probe x3  
  105  9:39  Immortal  
  109  9:58  Nexus  
  109  10:00  Probe, Pylon  
  109  10:01  Probe  
  109  10:02  Probe  
  109  10:03  Assimilator  
  109  10:06  High Templar  
  114  10:07  High Templar x2  
  114  10:08  Assimilator  
  118  10:19  Gateway, Protoss Ground Armor Level 1 (Chrono Boost)  
  118  10:20  Gateway  
  118  10:23  Gateway  
  118  10:24  Pylon x2  
  118  10:25  Immortal  
  122  10:30  High Templar x4  
  122  10:31  High Templar  
  122  10:33  Protoss Ground Weapons Level 3 (Chrono Boost)  
  132  10:53  Stalker x3  
  127  11:22  Archon  
  123  11:33  Zealot, High Templar x3  
  123  11:34  Zealot  
  123  11:38  Charge (Chrono Boost)  
  133  11:43  Immortal  
  137  11:54  Robotics Facility  
  137  11:56  Pylon  
  137  12:04  Zealot x3  
  137  12:05  Zealot x7  
  137  12:06  Zealot  
  137  12:07  Probe x2  
  159  12:08  Probe  
  159  12:09  Probe  
  163  12:20  Probe  
  168  12:22  Immortal  
  168  12:23  Pylon  
  168  12:26  Photon Cannon x2  
  168  12:27  Photon Cannon  
  168  12:34  Zealot x2, High Templar x2  
  168  12:35  Zealot x6  
  168  12:36  Zealot  
  190  13:00  Probe x2  
  190  13:01  Probe  
  190  13:02  Probe  
  194  13:14  Probe  
  195  13:25  High Templar x2  
  198  13:43  Nexus, Observer x2  
  198  13:48  Pylon  
  200  13:50  Pylon  
  200  13:51  Pylon  
  200  13:52  Assimilator  
  200  13:53  Pylon  
  200  13:55  Pylon  
  200  13:57  Assimilator  
  200  13:59  Pylon  
  200  14:05  Pylon, Stargate  
  200  14:06  Pylon  
  200  14:08  Pylon  
  200  14:09  Pylon  
  200  14:15  Pylon  
  200  14:30  Protoss Ground Armor Level 2 (Chrono Boost)  
  200  14:33  Protoss Shields Level 1 (Chrono Boost)  
  164  14:59  Stalker x3  
  110  15:00  Stalker, Zealot x4  
  110  15:01  Zealot x3  
  98  15:14  Immortal  
  96  15:26  High Templar x3  
  96  15:27  Zealot x3, High Templar  
  96  15:28  Zealot x4  
  91  15:53  Adept, Zealot x2  
  91  15:54  Adept x3  
  91  15:55  Adept  
  94  15:57  Mothership Core  
  74  16:11  Archon  
  74  16:22  Probe x2  
  74  16:23  Probe x2  
  78  16:28  Nexus  
  78  16:31  Pylon  
  78  16:32  Probe x2, Pylon  
  78  16:35  Probe x2  
  78  16:37  Adept x8  
  78  16:38  Adept x2  
  102  16:43  Immortal x2  
  110  16:47  Probe  
  107  16:57  High Templar x3  
  107  16:58  High Templar x4  
  86  17:25  Zealot x4  
  59  17:38  Immortal  
  59  17:39  Adept x2  
  59  17:40  Adept x3  
  57  17:52  High Templar x3  
  57  17:54  High Templar  
  65  18:09  High Templar x4  
  73  18:14  Archon  
  73  18:15  Archon  
  73  18:18  High Templar x2  
  77  18:22  Archon  
  75  18:53  Nexus  
  65  20:02  High Templar  
  65  20:03  High Templar x3  
  65  20:05  Adept x3, Zealot x2  
  65  20:06  Zealot x2  
  81  20:17  Probe  
  81  20:18  Probe x2  
  80  20:52  Stalker x3  
  86  21:20  Stalker  
  86  21:21  Stalker  
  86  21:22  High Templar x2  
  94  21:44  Probe  
  94  21:45  Probe x2  
  73  23:14  Nexus  
  73  23:16  Assimilator  
  73  23:19  Photon Cannon  
  73  23:20  Pylon  
  73  23:36  High Templar x3  
  73  23:37  Zealot x3, High Templar  
  73  23:38  Zealot x4  
  91  24:06  Stalker x2  
  91  24:07  Zealot x5  
  105  24:29  Observer  
  105  24:30  Probe  
  106  24:31  Probe x2  
  109  24:40  Probe  
  109  24:43  Probe x2  
  112  24:46  Probe  
  112  24:51  Probe, Observer  
  114  24:55  Probe  
  114  24:56  Probe  
  114  24:57  Probe  
Tags
 
Add a new tag
Caveats
  • Supply blocks, unpowered buildings, or Contaminate may cause inaccurate times.
  • Supply counts are checked every 10 seconds.